 Dungeon Crawl Stone Soup version 0.31-a0-236-g9a0961fb85 (webtiles) character file.

Game seed: 3193709714398444053

3427 miscthings the Prestidigitator (level 10, -13/74 HPs)
             Began as a Gnoll Wanderer on July 10, 2023.
             Was an Initiate of Gozag.
             Hit by a large rock thrown by a cyclops (41 damage)
             ... on level 7 of the Dungeon on July 11, 2023.
             The game lasted 00:23:09 (6396 turns).

miscthings the Prestidigitator (Gnoll Wanderer)     Turns: 6396, Time: 00:23:10

Health: -13/74     AC:  8    Str: 16    XL:     10   Next: 5%
Magic:  18/18      EV: 13    Int:  9    God:    Gozag
Gold:   384        SH:  5    Dex: 14    Spells: 12/20 levels left

rFire   . . .        C - +3 dagger (venom)
rCold   . . .        v - +0 buckler
rNeg    . . .        d - +0 leather armour
rPois   .            (no helmet)
rElec   .            F - +0 cloak
rCorr   .            g - +2 pair of gloves
SInv    .            (no boots)
Will    .....        G - amulet of magic regeneration
Stlth   +++          (no ring)
HPRegen 0.32/turn    (no ring)
MPRegen 0.56/turn

%: no passive effects
@: gold aura, studying Ranged Weapons
A: fangs 1, strong nose, distributed training
a: Renounce Religion, Potion Petition, Call Merchant, Bribe Branch


You were on level 7 of the Dungeon.
You worshipped Gozag.
Gozag was aware of your devotion.
You visited 2 branches of the dungeon, and saw 8 of its levels.

You collected 567 gold pieces.
You spent 54 gold pieces at shops.
You paid 129 gold pieces to Gozag.

Inventory:

Hand Weapons
 j - a +1 dagger of protection
 m - a +0 orcbow
 u - a +0 spear of venom
 C - a +3 dagger of venom (weapon)
Missiles
 z - 15 poisoned darts (quivered)
Armour
 d - a +0 leather armour (worn)
 g - a +2 pair of gloves (worn)
 l - a +0 scale mail
 v - a +0 buckler (worn)
 F - a +0 cloak (worn)
Magical Staves
 s - a staff of fire
Jewellery
 G - an amulet of magic regeneration (around neck)
Wands
 e - a wand of flame (6)
 r - a wand of iceblast (8)
 w - a wand of mindburst (2)
 A - a wand of acid (12)
Scrolls
 b - 2 scrolls of vulnerability
 f - 2 scrolls of teleportation
 i - a scroll of fog
 k - a scroll of blinking {unknown}
 o - a scroll of revelation {unknown}
 p - a scroll of torment {unknown}
 t - a scroll of enchant weapon {unknown}
 x - a scroll of enchant armour {unknown}
 y - a scroll of immolation {unknown}
 B - a scroll of summoning {unknown}
Potions
 a - 3 potions of haste
 c - 2 potions of lignification
 h - 3 potions of curing
 n - 2 potions of heal wounds {unknown}
 q - 2 potions of might
 D - a potion of berserk rage
 E - a potion of mutation {unknown}


   Skills:
 + Level 5.0 Fighting
 + Level 5.0 Short Blades
 + Level 5.0 Long Blades
 + Level 5.0 Axes
 + Level 5.0 Maces & Flails
 + Level 5.0 Polearms
 + Level 5.0 Staves
 + Level 6.8 Ranged Weapons
 + Level 5.0 Throwing
 + Level 5.7 Armour
 + Level 5.7 Dodging
 + Level 5.0 Stealth
 + Level 5.0 Shields
 + Level 5.0 Unarmed Combat
 + Level 5.8 Spellcasting
 + Level 4.2 Conjurations
 + Level 4.2 Hexes
 + Level 4.2 Summonings
 + Level 4.2 Necromancy
 + Level 4.2 Translocations
 + Level 4.2 Transmutations
 + Level 4.2 Fire Magic
 + Level 8.3 Ice Magic
 + Level 4.2 Air Magic
 + Level 4.2 Earth Magic
 + Level 4.2 Poison Magic
 + Level 5.5 Invocations
 + Level 8.4 Evocations


You had 12 spell levels left.
You knew the following spells:

 Your Spells              Type           Power      Damage    Failure   Level
a - Freeze                Ice            68%        1d8       1%          1
b - Ozocubu's Armour      Ice            17%        N/A       3%          3
c - Summon Lightning Spi  Summ/Air       10%        N/A       52%         4

Your spell library contained the following spells:

 Spells                   Type           Power      Damage    Failure   Level
 Static Discharge         Conj/Air       20%        2-3/arc   9%          2
 Airstrike                Air            5%         2d(1-17)  52%         4


Dungeon Overview and Level Annotations

Branches:
Dungeon (7/15)             Temple (1/1) D:7

Altars:
Ashenzari
Cheibriados
Dithmenos
Elyvilon
Fedhas
Gozag
Hepliaklqana
Kikubaaqudgha
Makhleb
Okawaru
Qazlal
Ru
Sif Muna
Trog
Vehumet
Wu Jian
Yredelemnul
Zin
The Shining One

Shops:
D:1 *   D:2 [   D:7 ?


Innate Abilities, Weirdness & Mutations

You have very sharp teeth.
Your uncanny sense of smell can sniff out nearby items.
Your experience applies equally to all skills.


Message History

You hit something.
Reactivating autopickup.
You feel a bit more experienced.
Press: ? - help, v - describe, . - travel The floor, spattered with blood.
Aiming: Throw Flame
Press: ? - help, Shift-Dir - straight line, f - wight
Aim: a wight, wielding a +3 long sword, wearing a +0 robe and quivering a throwing net (76% to hit)
Okay, then.
Casting: Ozocubu's Armour (dangerous; 3% risk of failure)
Confirm with . or Enter, or press ? or * to list all spells.
Okay, then.
Your icy armour will break if you move.
Continue?
Your icy armour cracks and falls away as you move.
The wight throws a throwing net.
The throwing net hits you.
You become entangled in the net!
You see here a throwing net.
You struggle against the net.
You struggle against the net.
You shred the net and break free!
Aiming: Corrosive Bolt
Press: ? - help, Shift-Dir - straight line, f - cyclops
Aim: a cyclops, quivering large rocks (lightly wounded, 98% to hit)
The bolt of acid hits the wight!
You destroy the wight!
The bolt of acid hits the cyclops!
The cyclops is moderately wounded.
The cyclops throws a large rock.
The large rock hits you!!
Aiming: Mindburst
Press: ? - help, Shift-Dir - straight line, f/p - cyclops
Aim: a cyclops, quivering large rocks (moderately wounded, chance to affect: 76%)
The cyclops barely resists.
Aiming: Mindburst
Press: ? - help, Shift-Dir - straight line, f/p - cyclops
Aim: a cyclops, quivering large rocks (moderately wounded, chance to affect: 76%)
The cyclops's mind is blasted!!
The cyclops throws a large rock.
The large rock hits you!!!
Ouch! That really hurt!
You die...
Your body crumbles into a pile of gold.

.'#..............# #......
.'....∩..........+ ###.......
.#####.......[...# ##......).#
.# #...........# ##.$$.C....# .#
#<..........# #...$.....### .#
#...........###..z.....##.# .#
#...........##.......###..#
.#####...........##....####.#..#
..........######@##..#######.###
..........# #$#..###..#..#..#
..........# #.#..#.#).#..#..#
.....[....# #$#.###)##.##.###
..........# #C#.#..#..#..#..#
..........# #...)..#..#..#..#
..........# ##..#############
..........# #### ..........#


You could see a cyclops.

Vanquished Creatures
  A hornet (D:7)
  Sigmund (D:4)
  2 water moccasins (D:7)
  The ghost of hgbash the Conjurer, an amateur DECj (D:4)
  An orc warrior (D:7)
  3 ice beasts
  A black bear (D:6)
  2 ogres
  4 sky beasts
  2 centaurs (D:7)
  3 phantoms
  4 kobold brigands
  2 scorpions
  A gnoll sergeant (D:4)
  A wight (D:7)
  2 jellies (D:6)
  A hound (D:6)
  An orc priest (D:6)
  4 iguanas
  A sleepcap (D:5)
  Jessica (D:2)
  Natasha (thrice) (D:4)
  A gnoll bouda (D:6)
  5 orc wizards
  14 gnolls
  10 adders
  3 shadow imps (D:7)
  A white imp (D:6)
  An ufetubus (D:4)
  A worm (D:4)
  3 dart slugs
  18 orcs
  8 ball pythons
  4 bats
  5 endoplasms
  4 giant cockroaches
  8 goblins
  5 hobgoblins
  2 jackals (D:2)
  2 quokkas
  7 frilled lizards
  32 kobolds
  7 rats
183 creatures vanquished.

Notes
Turn   | Place    | Note
-------+----------+-------------------------------------------
     0 | D:1      | miscthings the Gnoll Wanderer began the quest for the Orb.
     0 | D:1      | miscthings set off with the following items: a +0 dagger, a
                  | scroll of vulnerability, a potion of lignification, a +0
                  | leather armour, a wand of mindburst (14); and the following
                  | spell memorised: Freeze; and the following spells available
                  | to memorise: Ozocubu's Armour.
     0 | D:1      | Reached XP level 1. HP: 13/13 MP: 4/4
   169 | D:1      | Reached XP level 2. HP: 19/19 MP: 3/5
   657 | D:1      | Found Zoshuj's Assorted Antiques.
   672 | D:1      | Bought a scroll labelled FUCEDUOBARO for 24 gold pieces
   678 | D:1      | Reached XP level 3. HP: 25/25 MP: 4/7
   937 | D:2      | Learned a level 3 spell: Ozocubu's Armour
   957 | D:2      | Reached skill level 1 in Invocations
  1038 | D:2      | Reached skill level 1 in Fighting
  1038 | D:2      | Reached skill level 1 in Short Blades
  1038 | D:2      | Reached skill level 1 in Long Blades
  1038 | D:2      | Reached skill level 1 in Axes
  1038 | D:2      | Reached skill level 1 in Maces & Flails
  1038 | D:2      | Reached skill level 1 in Polearms
  1038 | D:2      | Reached skill level 1 in Staves
  1038 | D:2      | Reached skill level 1 in Ranged Weapons
  1038 | D:2      | Reached skill level 1 in Throwing
  1038 | D:2      | Reached skill level 1 in Stealth
  1038 | D:2      | Reached skill level 1 in Shields
  1038 | D:2      | Reached skill level 1 in Unarmed Combat
  1072 | D:2      | Reached XP level 4. HP: 30/32 MP: 4/8
  1077 | D:2      | Found Patiaq Hefy's Antique Armour Shop.
  1134 | D:2      | Noticed Jessica
  1138 | D:2      | Killed Jessica
  1139 | D:2      | Reached skill level 1 in Conjurations
  1139 | D:2      | Reached skill level 1 in Hexes
  1139 | D:2      | Reached skill level 1 in Summonings
  1139 | D:2      | Reached skill level 1 in Necromancy
  1139 | D:2      | Reached skill level 1 in Translocations
  1139 | D:2      | Reached skill level 1 in Transmutations
  1139 | D:2      | Reached skill level 1 in Fire Magic
  1139 | D:2      | Reached skill level 1 in Air Magic
  1139 | D:2      | Reached skill level 1 in Earth Magic
  1139 | D:2      | Reached skill level 1 in Poison Magic
  1417 | D:2      | Reached XP level 5. HP: 29/37 MP: 6/9
  1751 | D:3      | Found a faded altar of an unknown god.
  2123 | D:3      | Found a snail-covered altar of Cheibriados.
  2123 | D:3      | Found a glowing silver altar of Zin.
  2449 | D:4      | Found a broken altar of Ashenzari.
  2466 | D:4      | Noticed Sigmund
  2470 | D:4      | Killed Sigmund
  2471 | D:4      | Reached XP level 6. HP: 35/44 MP: 8/11
  2553 | D:4      | Reached XP level 7. HP: 22/51 MP: 6/12
  2615 | D:4      | Noticed Natasha
  2703 | D:4      | Killed Natasha
  2710 | D:4      | Found a runed translucent gate.
  2710 | D:4      | Found a runed translucent gate.
  2712 | D:4      | Noticed hgbash's ghost (amateur DECj)
  2713 | D:4      | Found a runed translucent gate.
  2752 | D:4      | Noticed Natasha
  2757 | D:4      | Killed Natasha
  3196 | D:4      | Killed hgbash's ghost
  3199 | D:4      | Noticed Natasha
  3203 | D:4      | Killed Natasha
  3232 | D:5      | Entered Level 5 of the Dungeon
  3275 | D:5      | Reached XP level 8. HP: 49/58 MP: 11/14
  3435 | D:5      | Found a shadowy altar of Dithmenos.
  3684 | D:5      | Learned a level 4 spell: Summon Lightning Spire
  4788 | D:6      | Reached skill level 5 in Ranged Weapons
  4788 | D:6      | Reached XP level 9. HP: 44/65 MP: 16/16
  4814 | D:6      | Reached skill level 5 in Spellcasting
  5105 | D:6      | Reached skill level 5 in Armour
  5105 | D:6      | Reached skill level 5 in Dodging
  5511 | D:7      | Found a staircase to the Ecumenical Temple.
  5523 | Temple   | Entered the Ecumenical Temple
  5542 | Temple   | Became a worshipper of Gozag Ym Sagoz the Greedy
  5857 | D:7      | Noticed a hornet
  5862 | D:7      | Killed a hornet
  5863 | D:7      | Reached skill level 5 in Invocations
  5910 | D:7      | Found Xiust's Magic Scroll Emporium.
  5948 | D:7      | Bought a scroll of teleportation for 30 gold pieces
  6359 | D:7      | Reached skill level 5 in Fighting
  6359 | D:7      | Reached skill level 5 in Short Blades
  6359 | D:7      | Reached skill level 5 in Long Blades
  6359 | D:7      | Reached skill level 5 in Axes
  6359 | D:7      | Reached skill level 5 in Maces & Flails
  6359 | D:7      | Reached skill level 5 in Polearms
  6359 | D:7      | Reached skill level 5 in Staves
  6359 | D:7      | Reached skill level 5 in Throwing
  6359 | D:7      | Reached skill level 5 in Stealth
  6359 | D:7      | Reached skill level 5 in Shields
  6359 | D:7      | Reached skill level 5 in Unarmed Combat
  6359 | D:7      | Reached XP level 10. HP: 63/74 MP: 15/18
  6364 | D:7      | Noticed a cyclops
  6396 | D:7      | Hit by a large rock thrown by a cyclops

Illustrated notes

Levels and vault maps discovered:
D:1:      elethiomel_arrival_infinity_welcomes_careful_drivers, layout_basic,
          serial_shops, shop, nrook_campfire
D:2:      layout_loops_ring, serial_shops,
          nicolae_shop_temple_entry_statues_fountains, serial_bayou,
          serial_bayou_lagoon_a, serial_bayou_pond_d, serial_bayou_lake_a,
          serial_bayou_shore_b, uniq_robin, uniq_jessica
D:3:      wander_river, layout_loops_cross, gammafunk_temple_overflow_elements,
          ebering_ecumenical_altar_abandoned, st_stairs_11
D:4:      layout_layer_cave, nicolae_overflow_crystal_walls,
          gammafunk_ghost_split, minmay_misc_feat_four_crosses, moated_statue,
          minmay_misc_feat_five, hangedman_decor_push, minmay_manual_monstrance,
          uniq_natasha, uniq_sigmund
D:5:      layout_basic, mainiacjoe_overflow_boulevard, serial_glass,
          glass_columns_a, glass_columns_a
D:6:      kennysheep_kobold_camp, layout_rooms, hangedman_abyss_or_decor_stabs,
          feat_on_display
D:7:      minmay_s_stair_smasher, layout_basic,
          minmay_temple_entry_stoned_glass, serial_shops, shop, kennysheep_mini,
          shop, shop
Temple:   hellmonk_temple_two_chambers

Skill      XL: |  1  2  3  4  5  6  7  8  9 |
---------------+----------------------------+-----
Invocations    | 1 2 3 4 5 |  5.5
Fighting       | 1 2 3 5 |  5.0
Short Blades   | 1 2 3 5 |  5.0
Long Blades    | 1 2 3 5 |  5.0
Axes           | 1 2 3 5 |  5.0
Maces & Flails | 1 2 3 5 |  5.0
Polearms       | 1 2 3 5 |  5.0
Staves         | 1 2 3 5 |  5.0
Ranged Weapons | 1 2 3 5 6 |  6.8
Throwing       | 1 2 3 5 |  5.0
Stealth        | 1 2 3 5 |  5.0
Shields        | 1 2 3 5 |  5.0
Unarmed Combat | 1 2 3 5 |  5.0
Spellcasting   | 3 4 5 |  5.8
Conjurations   | 1 2 3 4 |  4.2
Hexes          | 1 2 3 4 |  4.2
Summonings     | 1 2 3 4 |  4.2
Necromancy     | 1 2 3 4 |  4.2
Translocations | 1 2 3 4 |  4.2
Transmutations | 1 2 3 4 |  4.2
Fire Magic     | 1 2 3 4 |  4.2
Air Magic      | 1 2 3 4 |  4.2
Earth Magic    | 1 2 3 4 |  4.2
Poison Magic   | 1 2 3 4 |  4.2
Armour         | 3 4 5 |  5.7
Dodging        | 3 4 5 |  5.7
Evocations     | 7 8 |  8.4
Ice Magic      | 8 |  8.3

Action                     |  1- 3 |  4- 6 |  7- 9 | 10-12 || total
---------------------------+-------+-------+-------+-------++-------
  Melee: Dagger            |    48 |    57 |   296 |    14 ||   415
         Bite              |     2 |     5 |    59 |       ||    66
         Punch             |     1 |       |     2 |       ||     3
         Spear             |       |       |   180 |       ||   180
  Throw: Dart              |       |     5 |    29 |       ||    34
   Cast: Freeze            |    40 |    39 |    28 |       ||   107
         Ozocubu's Armour  |       |       |    15 |     1 ||    16
  Evoke: Wand              |       |     3 |    24 |     4 ||    31
    Use: Scroll            |       |     2 |     5 |       ||     7
         Potion            |       |     1 |     1 |       ||     2
   Stab: Sleeping          |     1 |       |     6 |       ||     7
         Distracted        |       |       |     1 |       ||     1
 Armour: Leather armour    |    18 |    33 |    87 |     5 ||   143
         Scale mail        |       |       |     2 |       ||     2
  Dodge: Dodged            |    40 |    45 |   176 |       ||   261
  Block: Buckler           |       |       |    65 |     1 ||    66

Table legend: (Time is in decaauts)
 A = Elapsed time spent in this place.
 B = Non-inter-level travel time spent in this place.
 C = Inter-level travel time spent in this place.
 D = Time resting spent in this place.
 E = Time spent auto-exploring this place.
 F = Levels seen in this place.
 G = Mean time per level.
                   A        B        C        D        E       F      G
               +--------+--------+--------+--------+--------+-----+--------+
         Total |   6413 |   6188 |    225 |    584 |   3740 |   8 |  801.6 |
       Dungeon |   6316 |   6091 |    225 |    521 |   3740 |   7 |  902.3 |
        Temple |     96 |     96 |      0 |     63 |      0 |   1 |   96.0 |
               +--------+--------+--------+--------+--------+-----+--------+

Top non-repeatable levels by time:
     D:6: 1442 daAuts
     D:5: 942 daAuts
     D:1: 919 daAuts
     D:2: 843 daAuts
     D:4: 787 daAuts
     D:3: 736 daAuts
     D:7: 645 daAuts
  Temple: 96 daAuts
